Dernière mise à jour: 2025-12-07 16:11:59
% Time on Ice - VICTORIA GLADIATORS
Lines # - Real PCT - Wanted PCT - Time Play
Normal Forward
1 - 35% - 36% - 15:34
2 - 30% - 33% - 13:28
3 - 19% - 24% - 8:27
4 - 16% - 7% - 7:11
Normal Defense
1 - 23% - 36% - 10:20
2 - 33% - 31% - 14:46
3 - 36% - 23% - 15:58
4 - 8% - 10% - 3:36
PP Forward
1 - 59% - 60% - 7:39
2 - 41% - 40% - 5:16
PP Defense
1 - 50% - 60% - 6:24
2 - 50% - 40% - 6:31
PK Forward
1 - 61% - 60% - 1:13
2 - 39% - 40% - 0:46
PK Defense
1 - 61% - 60% - 1:13
2 - 39% - 40% - 0:46
PK3 Forward
1 - 0% - 55%
2 - 0% - 45%
PK3 Defense
1 - 0% - 55%
2 - 0% - 45%
44 Forward
1 - 0% - 52%
2 - 0% - 48%
44 Defense
1 - 0% - 52%
2 - 0% - 48%
Last Minute Offensive  - 0:26
Last Minute Defensive  - 0:00
Total
Forward - 60:00
Defense - 60:00
% Time on Ice - SAN DIEGO THUNDER
Lines # - Real PCT - Wanted PCT - Time Play
Normal Forward
1 - 31% - 36% - 13:41
2 - 29% - 31% - 12:54
3 - 32% - 23% - 14:16
4 - 9% - 10% - 3:49
Normal Defense
1 - 30% - 36% - 13:33
2 - 34% - 31% - 15:01
3 - 26% - 23% - 11:38
4 - 10% - 10% - 4:28
PP Forward
1 - 26% - 55% - 0:31
2 - 74% - 45% - 1:28
PP Defense
1 - 74% - 55% - 1:28
2 - 26% - 45% - 0:31
PK Forward
1 - 57% - 55% - 7:24
2 - 43% - 45% - 5:31
PK Defense
1 - 51% - 55% - 6:33
2 - 49% - 45% - 6:22
PK3 Forward
1 - 0% - 55%
2 - 0% - 45%
PK3 Defense
1 - 0% - 55%
2 - 0% - 45%
44 Forward
1 - 0% - 55%
2 - 0% - 45%
44 Defense
1 - 0% - 55%
2 - 0% - 45%
Last Minute Offensive  - 0:00
Last Minute Defensive  - 0:26
Total
Forward - 60:00
Defense - 60:00
Play-by-Play 1st period 0:01 of 1st period - Mark Scheifele wins face-off versus Wyatt Johnston in neutral zone. 0:15 of 1st period - Icing by Charles McAvoy. 0:16 of 1st period - Wyatt Johnston wins face-off versus Adam Lowry in SAN DIEGO THUNDER zone. 0:23 of 1st period - Shot by Dmitri Voronkov. 0:23 of 1st period - Goal by Dmitri Voronkov - VICTORIA GLADIATORS : 0 - SAN DIEGO THUNDER : 1. 0:24 of 1st period - Pius Suter wins face-off versus Aliaksei Protas in neutral zone. 0:33 of 1st period - Shot by Maxim Tsyplakov. 0:33 of 1st period - Shot Misses the Net. 0:35 of 1st period - Shot by Aliaksei Protas. 0:35 of 1st period - Shot Misses the Net. 0:37 of 1st period - Shot by Radek Faksa. 0:37 of 1st period - Shot Blocked by Matt Roy. 0:37 of 1st period - Matt Roy from VICTORIA GLADIATORS is injured at 0:37 of 1st period (Broken Bone (Right Foot)). 0:38 of 1st period - Adam Lowry wins face-off versus Frank Nazar in VICTORIA GLADIATORS zone. 0:38 of 1st period - Adam Lowry is hit by Frank Nazar. 0:55 of 1st period - Joel Farabee is hit by Dmitri Orlov and loses puck. 1:02 of 1st period - Shot by Frank Nazar. 1:02 of 1st period - Shot Misses the Net. 1:04 of 1st period - Shot by Joel Farabee. 1:04 of 1st period - Stopped by Jake Oettinger with a rebound. 1:38 of 1st period - Victor Hedman is hit by Nicolas Hague and loses puck. 1:56 of 1st period - Jonathan Audy-Marchessault is hit by Nate Schmidt. 2:06 of 1st period - Shot by Aliaksei Protas. 2:06 of 1st period - Shot Blocked by Mikael Granlund. 2:08 of 1st period - Shot by Radek Faksa. 2:08 of 1st period - Shot Misses the Net. 2:10 of 1st period - Shot by Derek Forbort. 2:10 of 1st period - Stopped by Jake Oettinger without a rebound. 2:11 of 1st period - Mark Scheifele wins face-off versus Wyatt Johnston in VICTORIA GLADIATORS zone. 2:11 of 1st period - Mark Scheifele is hit by Dmitri Voronkov. 2:35 of 1st period - Shot by Wyatt Johnston. 2:35 of 1st period - Deflect By Jake Neighbours. 2:35 of 1st period - Shot Blocked by Cam Fowler. 2:37 of 1st period - Shot by Erik Cernak. 2:37 of 1st period - Shot Misses the Net. 2:39 of 1st period - Shot by Erik Cernak. 2:39 of 1st period - Stopped by Jake Oettinger without a rebound. 2:40 of 1st period - Aliaksei Protas wins face-off versus Pius Suter in VICTORIA GLADIATORS zone. 2:47 of 1st period - Shot by Aliaksei Protas. 2:47 of 1st period - Shot Blocked by Colton Sissons. 3:03 of 1st period - Shot by Colton Sissons. 3:03 of 1st period - Stopped by Petr Mrazek without a rebound. 3:04 of 1st period - Peyton Krebs wins face-off versus Fedor Svechkov in SAN DIEGO THUNDER zone. 3:07 of 1st period - Shot by Logan O'Connor. 3:07 of 1st period - Shot Misses the Net. 3:32 of 1st period - Wyatt Johnston is hit by Dylan DeMelo and loses puck. 3:41 of 1st period - Isac Lundestrom is hit by Elmer Soderblom and loses puck. 4:00 of 1st period - Shot by Mikael Granlund. 4:00 of 1st period - Shot Misses the Net. 4:37 of 1st period - Shot by Mikael Granlund. 4:37 of 1st period - Stopped by Petr Mrazek without a rebound. 4:38 of 1st period - Pius Suter wins face-off versus Frank Nazar in SAN DIEGO THUNDER zone. 4:44 of 1st period - Pius Suter is hit by Jalen Chatfield and loses puck. 4:57 of 1st period - Shot by Frank Nazar. 4:57 of 1st period - Stopped by Jake Oettinger without a rebound. 4:58 of 1st period - Adam Lowry wins face-off versus Aliaksei Protas in VICTORIA GLADIATORS zone. 5:02 of 1st period - Jonathan Audy-Marchessault is hit by Derek Forbort. 5:06 of 1st period - Shot by Jonathan Audy-Marchessault. 5:06 of 1st period - Shot Blocked by Nate Schmidt. 5:24 of 1st period - Shot by Aliaksei Protas. 5:24 of 1st period - Shot Misses the Net. 5:34 of 1st period - Shot by Maxim Tsyplakov. 5:34 of 1st period - Stopped by Jake Oettinger without a rebound. 5:35 of 1st period - Wyatt Johnston wins face-off versus Colton Sissons in VICTORIA GLADIATORS zone. 5:48 of 1st period - Shot by Mathieu Olivier. 5:48 of 1st period - Shot Misses the Net. 6:23 of 1st period - Icing by Pius Suter. 6:24 of 1st period - Frank Nazar wins face-off versus Pius Suter in VICTORIA GLADIATORS zone. 6:25 of 1st period - Shot by Eric Robinson. 6:25 of 1st period - Stopped by Jake Oettinger without a rebound. 6:26 of 1st period - Aliaksei Protas wins face-off versus Mark Scheifele in VICTORIA GLADIATORS zone. 6:41 of 1st period - Shot by Radek Faksa. 6:41 of 1st period - Shot Blocked by Dmitri Orlov. 6:54 of 1st period - Shot by Aliaksei Protas. 6:54 of 1st period - Stopped by Jake Oettinger without a rebound. 6:55 of 1st period - Adam Lowry wins face-off versus Frank Nazar in VICTORIA GLADIATORS zone. 6:57 of 1st period - Artemi Panarin is hit by Eric Robinson and loses puck. 7:04 of 1st period - Shot by Artemi Panarin. 7:04 of 1st period - Shot Misses the Net. 7:10 of 1st period - Shot by Artemi Panarin. 7:10 of 1st period - Stopped by Petr Mrazek without a rebound. 7:11 of 1st period - Wyatt Johnston wins face-off versus Mark Scheifele in SAN DIEGO THUNDER zone. 7:24 of 1st period - Shot by Dmitri Voronkov. 7:24 of 1st period - Goal by Dmitri Voronkov - VICTORIA GLADIATORS : 0 - SAN DIEGO THUNDER : 2. 7:25 of 1st period - Adam Lowry wins face-off versus Frank Nazar in neutral zone. 7:40 of 1st period - Shot by Frank Nazar. 7:40 of 1st period - Shot Misses the Net. 7:42 of 1st period - Shot by Nicolas Hague. 7:42 of 1st period - Shot Misses the Net. 7:44 of 1st period - Shot by Joel Farabee. 7:44 of 1st period - Stopped by Jake Oettinger without a rebound. 7:45 of 1st period - Mark Scheifele wins face-off versus Wyatt Johnston in VICTORIA GLADIATORS zone. 7:47 of 1st period - Icing by David Pastrnak. 7:48 of 1st period - Wyatt Johnston wins face-off versus Mark Scheifele in VICTORIA GLADIATORS zone. 8:01 of 1st period - Shot by Wyatt Johnston. 8:01 of 1st period - Stopped by Jake Oettinger without a rebound. 8:02 of 1st period - Aliaksei Protas wins face-off versus Pius Suter in VICTORIA GLADIATORS zone. 8:09 of 1st period - Aliaksei Protas is hit by Cam Fowler and loses puck. 8:12 of 1st period - Shot by Maxim Tsyplakov. 8:12 of 1st period - Deflect By Aliaksei Protas. 8:12 of 1st period - Shot Misses the Net. 8:31 of 1st period - Shot by Maxim Tsyplakov. 8:31 of 1st period - Goal by Maxim Tsyplakov - VICTORIA GLADIATORS : 0 - SAN DIEGO THUNDER : 3. 8:32 of 1st period - Wyatt Johnston wins face-off versus Mark Scheifele in neutral zone. 8:35 of 1st period - Shot by Dmitri Voronkov. 8:35 of 1st period - Shot Blocked by Dmitri Orlov. 8:37 of 1st period - Shot by Wyatt Johnston. 8:37 of 1st period - Shot Misses the Net. 8:44 of 1st period - Icing by David Pastrnak. 8:45 of 1st period - Mark Scheifele wins face-off versus Frank Nazar in VICTORIA GLADIATORS zone. 9:09 of 1st period - Shot by David Pastrnak. 9:09 of 1st period - Shot Blocked by Nicolas Hague. 10:11 of 1st period - Shot by Artemi Panarin. 10:11 of 1st period - Deflect By Jonathan Audy-Marchessault. 10:11 of 1st period - Stopped by Petr Mrazek without a rebound. 10:12 of 1st period - Pius Suter wins face-off versus Wyatt Johnston in SAN DIEGO THUNDER zone. 10:16 of 1st period - Double Minor Penalty to Charles McAvoy for High sticking. 10:17 of 1st period - Wyatt Johnston wins face-off versus Mark Scheifele in SAN DIEGO THUNDER zone. 11:29 of 1st period - Erik Cernak is hit by Mathieu Olivier and loses puck. 12:18 of 1st period - Shot by Victor Hedman. 12:18 of 1st period - Shot Misses the Net. 12:44 of 1st period - Artemi Panarin is hit by Erik Cernak. 12:54 of 1st period - Shot by Cam Fowler. 12:54 of 1st period - Shot Blocked by Erik Cernak. 14:30 of 1st period - Shot by Isac Lundestrom. 14:30 of 1st period - Shot Blocked by Nate Schmidt. 14:43 of 1st period - Shot by Joel Farabee. 14:43 of 1st period - Shot Blocked by Isac Lundestrom. 14:45 of 1st period - Shot by Derek Forbort. 14:45 of 1st period - Shot Misses the Net. 15:19 of 1st period - Shot by Pius Suter. 15:19 of 1st period - Shot Blocked by Radek Faksa. 15:21 of 1st period - Shot by Victor Hedman. 15:21 of 1st period - Stopped by Petr Mrazek without a rebound. 15:22 of 1st period - Adam Lowry wins face-off versus Frank Nazar in SAN DIEGO THUNDER zone. 15:59 of 1st period - Artemi Panarin is hit by Nicolas Hague and loses puck. 16:12 of 1st period - Shot by Mark Scheifele. 16:12 of 1st period - Shot Misses the Net. 16:24 of 1st period - Shot by Mark Scheifele. 16:24 of 1st period - Stopped by Petr Mrazek with a rebound. 16:26 of 1st period - Shot by Mikael Granlund. 16:26 of 1st period - Shot Misses the Net. 16:41 of 1st period - Icing by Wyatt Johnston. 16:42 of 1st period - Pius Suter wins face-off versus Fedor Svechkov in SAN DIEGO THUNDER zone. 18:31 of 1st period - Joel Farabee is hit by Adam Lowry and loses puck. 18:42 of 1st period - Shot by Artemi Panarin. 18:42 of 1st period - Shot Misses the Net. 18:44 of 1st period - Shot by Victor Hedman. 18:44 of 1st period - Shot Misses the Net. 18:46 of 1st period - Shot by Adam Lowry. 18:46 of 1st period - Shot Misses the Net. 19:16 of 1st period - Shot by Logan O'Connor. 19:16 of 1st period - Stopped by Petr Mrazek without a rebound. 19:16 of 1st period - Minor Penalty to Petr Mrazek for Delaying the game. 19:17 of 1st period - Wyatt Johnston wins face-off versus Mark Scheifele in SAN DIEGO THUNDER zone. 19:23 of 1st period - Icing by David Pastrnak. 19:24 of 1st period - Wyatt Johnston wins face-off versus Mark Scheifele in VICTORIA GLADIATORS zone. Goals for this period are 0 for VICTORIA GLADIATORS vs 3 for SAN DIEGO THUNDER. Shots for this period are 7 for VICTORIA GLADIATORS vs 12 for SAN DIEGO THUNDER. 2nd period 0:01 of 2nd period - Wyatt Johnston wins face-off versus Mark Scheifele in neutral zone. 0:16 of 2nd period - Shot by David Pastrnak. 0:16 of 2nd period - Goal by David Pastrnak - VICTORIA GLADIATORS : 1 - SAN DIEGO THUNDER : 3. 0:17 of 2nd period - Aliaksei Protas wins face-off versus Pius Suter in neutral zone. 0:38 of 2nd period - Shot by Colton Sissons. 0:38 of 2nd period - Shot Misses the Net. 0:42 of 2nd period - Shot by Mathieu Olivier. 0:42 of 2nd period - Stopped by Petr Mrazek without a rebound. 0:43 of 2nd period - Mark Scheifele wins face-off versus Wyatt Johnston in SAN DIEGO THUNDER zone. 0:58 of 2nd period - Shot by Dmitri Voronkov. 0:58 of 2nd period - Shot Misses the Net. 1:12 of 2nd period - Shot by Dmitri Voronkov. 1:12 of 2nd period - Goal by Dmitri Voronkov - VICTORIA GLADIATORS : 1 - SAN DIEGO THUNDER : 4. 1:12 of 2nd period - Charlie Lindgren enters game. 1:13 of 2nd period - Adam Lowry wins face-off versus Aliaksei Protas in neutral zone. 1:13 of 2nd period - Adam Lowry is hit by Radek Faksa. 1:16 of 2nd period - Jonathan Audy-Marchessault is hit by Erik Cernak. 2:09 of 2nd period - Artemi Panarin is hit by Jake Neighbours and loses puck. 2:26 of 2nd period - Shot by Dmitri Voronkov. 2:26 of 2nd period - Shot Misses the Net. 2:51 of 2nd period - David Pastrnak is hit by Derek Forbort and loses puck. 3:30 of 2nd period - Shot by Frank Nazar. 3:30 of 2nd period - Stopped by Charlie Lindgren without a rebound. 3:31 of 2nd period - Pius Suter wins face-off versus Aliaksei Protas in VICTORIA GLADIATORS zone. 3:47 of 2nd period - Shot by Pius Suter. 3:47 of 2nd period - St